 Dungeon Crawl Stone Soup version 0.27.1-33-g824d729ab1 (webtiles) character file.

Game seed: 6701287443734772972

375 unlimited1921 the Bolt Thrower (level 6, -1/61 HPs)
             Began as a Troll Hunter on Dec 1, 2021.
             Slain by Crazy Yiuf (19 damage)
             ... on level 4 of the Dungeon.
             The game lasted 00:20:51 (4756 turns).

unlimited1921 the Bolt Thrower (Troll Hunter)       Turns: 4756, Time: 00:20:51

Health: -1/61      AC:  4    Str: 22    XL:     6   Next: 44%
Magic:  5/5        EV: 10    Int:  7    God:
Gold:   211        SH:  0    Dex: 11    Spells: 5/5 levels left

rFire    . . .     SeeInvis .   D - +2 war axe (freeze)
rCold    . . .     Faith    .   (no shield)
rNeg     . . .     Spirit   .   c - +0 robe
rPois    .         Reflect  .   (helmet restricted)
rElec    .         Harm     .   (no cloak)
rCorr    .         Rampage  .   (gloves unavailable)
Will     .....                  (boots unavailable)
Stlth    +.........             (no amulet)
HPRegen  1.20/turn              (no ring)
MPRegen  0.09/turn              (no ring)

@: lethally poisoned (-1 -> -2)
A: large, unfitting armour, claws 3, regeneration 1, shaggy fur 1, tough skin 1
a: no special abilities


You were on level 4 of the Dungeon.
You visited 1 branch of the dungeon, and saw 4 of its levels.

You collected 211 gold pieces.

Inventory:

Hand Weapons
 a - a +1 hand crossbow
 b - a +0 short sword
 f - a +0 whip
 s - a +0 scythe
 t - a +0 trident
 u - a +0 rapier
 x - a +0 hunting sling
 D - a +2 war axe of freezing (weapon)
Missiles
 d - 8 bolts
 i - 11 poisoned darts (quivered)
 o - 10 arrows
Armour
 c - a +0 robe (worn)
Jewellery
 y - a ring of ice
Scrolls
 e - 4 scrolls of identify {unknown}
 j - a scroll of noise {unknown}
 m - 2 scrolls of teleportation {unknown}
 n - 2 scrolls of vulnerability {unknown}
 p - a scroll of amnesia {unknown}
 r - a scroll of acquirement {unknown}
 z - a scroll of silence {unknown}
Potions
 g - 2 potions of curing {unknown}
 h - a potion of magic {unknown}
 k - a potion of mutation {unknown}
 l - a potion of haste {unknown}
 q - 2 potions of attraction {unknown}
 v - a potion of might {unknown}
 w - 2 potions of degeneration {unknown}
 A - a potion of resistance {unknown}
 C - 2 potions of heal wounds {unknown}


   Skills:
 * Level 3.0 Fighting
 - Level 0.1 Short Blades
 - Level 0.1 Polearms
 * Level 3.6 Crossbows
 - Level 1.7 Throwing
 + Level 3.3 Dodging
 + Level 0.8 Stealth


You had 5 spell levels left.
You didn't know any spells.
Your spell library contained the following spells:

 Spells                   Type           Power      Damage    Failure   Level
 Fulminant Prism          Conj/Hex       0%         3d6       99%         4
 Iskenderun's Mystic Bla  Conj/Tloc      0%         2d3       99%         4
 Lee's Rapid Deconstruct  Erth           0%         3d5*      100%        5


Dungeon Overview and Level Annotations

Branches:
Dungeon (4/15)
 Temple: D:4-7

Altars:
Kikubaaqudgha

Annotations:
D:4 Crazy Yiuf


Innate Abilities, Weirdness & Mutations

You are too large for most types of armour.
You have claws for hands.
Your natural rate of healing is unusually fast.
You are covered in fur. (AC +1)
You have tough skin. (AC +1)


Message History

You kill the hobgoblin!
No target in view!
As you open the door, it creaks loudly!
There is an open door here.
There is a stone staircase leading down here.
Found a mace.
Found a mace.
You see here a +0 mace.
Found a mace.
Found a runed translucent door.
You open the door.
Crazy Yiuf whimpers, "Blight bush toodlewoodle!"
Throw: 13 darts (poison)
Press: ? - help, Q - select action Shift-Dir - straight line, f - Crazy Yiuf
Aim: Crazy Yiuf, wielding a +3 quarterstaff of chaos and wearing a +0 cloak (60% to hit)
You throw a poisoned dart. The poisoned dart hits Crazy Yiuf.
Crazy Yiuf is poisoned.
Throw: 12 darts (poison)
Press: ? - help, Q - select action Shift-Dir - straight line, f/p - Crazy Yiuf
Aim: Crazy Yiuf, wielding a +3 quarterstaff of chaos and wearing a +0 cloak (poisoned, 60% to hit)
You throw a poisoned dart. The poisoned dart hits Crazy Yiuf.
Crazy Yiuf looks even sicker.
You closely miss Crazy Yiuf.
Crazy Yiuf hits you with a +3 quarterstaff of chaos!
Crazy Yiuf hits you with a +3 quarterstaff of chaos.
You are poisoned.
You closely miss Crazy Yiuf.
You feel very sick.
Crazy Yiuf hits you with a +3 quarterstaff of chaos.
Crazy Yiuf burns you.
You feel sick.
You slash Crazy Yiuf! You freeze Crazy Yiuf.
Crazy Yiuf is almost dead.
You feel sick.
Crazy Yiuf laughs, "Aardvark leg disdain!"
Crazy Yiuf hits you with a +3 quarterstaff of chaos!
Crazy Yiuf screams, "Spliff down toodlewoodle!"
Crazy Yiuf hits you with a +3 quarterstaff of chaos!
* * * LOW HITPOINT WARNING * * *
You are electrocuted!!
You die...

#........# #...)###.#
#....# #.# ♣P.).♣ #.#
♣♣.P.♣ #.# ♣♣.♣♣ #.#
♣♣.♣ #.# ♣.♣♣ #.# ♣♣@♣
#.# ♣g♣♣ #.# #'# #.#
.(. #.########### #.(.#
#............ #)..#
##########... #####
#### #..# #..# #.#.
###########..#######.#.


You could see Crazy Yiuf (poisoned).

Vanquished Creatures
  Sigmund (D:2)
  A scorpion (D:3)
  An iguana (D:4)
  An orc wizard (D:4)
  2 adders
  An ufetubus (D:4)
  An adder skeleton (D:4)
  2 worms (D:2)
  2 dart slugs
  3 orcs
  4 endoplasms
  5 giant cockroaches
  8 goblins
  9 hobgoblins
  6 kobolds
  A quokka (D:2)
  5 ball pythons
  5 bats
  3 frilled lizards
  2 rats (D:1)
63 creatures vanquished.

Notes
Turn   | Place    | Note
-------+----------+-------------------------------------------
     0 | D:1      | unlimited1921 the Troll Hunter began the quest for the Orb.
     0 | D:1      | Reached XP level 1. HP: 19/19 MP: 0/0
   157 | D:1      | Reached XP level 2. HP: 27/27 MP: 1/1
   969 | D:2      | Reached XP level 3. HP: 33/35 MP: 2/2
   971 | D:2      | Noticed Sigmund
  1784 | D:2      | Found an ancient bone altar of Kikubaaqudgha.
  2680 | D:2      | Killed Sigmund
  2681 | D:2      | Reached skill level 1 in Throwing
  2681 | D:2      | Reached XP level 4. HP: 35/44 MP: 3/3
  2681 | D:2      | Reached XP level 5. HP: 40/50 MP: 4/4
  3843 | D:4      | Reached XP level 6. HP: 31/59 MP: 5/5
  4746 | D:4      | Found a runed translucent door.
  4747 | D:4      | Noticed Crazy Yiuf
  4756 | D:4      | Slain by Crazy Yiuf

Illustrated notes

Levels and vault maps discovered:
D:1:      lemuel_arrival_room, layout_basic
D:2:      layout_basic, basic_altar, uniq_sigmund
D:3:      layout_loops_ring
D:4:      layout_rooms, hangedman_decor_growths, chequers_serial_rivers_micro_c,
          fountainhead, minmay_misc_feat_room, roderic_roman_lattice,
          uniq_crazy_yiuf_cottage

Skill      XL: |  1  2  3  4  5  6 |
---------------+-------------------+-----
Crossbows      | 3 |  3.6
Fighting       | 2 3 |  3.0
Throwing       | 1 |  1.7
Dodging        | 2 3 |  3.3
Short Blades   | |  0.1
Polearms       | |  0.1
Stealth        | |  0.8

Action                   |  1- 3 |  4- 6 || total
-------------------------+-------+-------++-------
Melee: Short sword       |    97 |       ||    97
       Whip              |    27 |       ||    27
       Hand crossbow     |     3 |       ||     3
       Rapier            |       |   110 ||   110
       Scythe            |       |    14 ||    14
       War axe           |       |     5 ||     5
 Fire: Hand crossbow     |    48 |       ||    48
Throw: Dart              |    18 |     4 ||    22
 Stab: Sleeping          |     1 |       ||     1
Armor: Robe              |    42 |    56 ||    98
Dodge: Dodged            |    98 |   104 ||   202
